 Dungeon Crawl Stone Soup version 0.24-a0-137-gd96d3d62bd (webtiles) character file.

Game seed: 5710143019824856147

54 Morbidden the Magician (level 3, 0/19 HPs)
             Began as a Deep Elf Air Elementalist on Mar 1, 2019.
             Was an Initiate of Okawaru.
             Succumbed to an adder's poison
             ... on level 2 of the Dungeon.
             The game lasted 00:03:59 (1501 turns).

Morbidden the Magician (Deep Elf Air Elementalist)  Turns: 1501, Time: 00:04:00

Health: 0/19       AC:  2    Str:  5    XL:     3   Next: 66%
Magic:  10/10      EV: 13    Int: 20    God:    Okawaru [......]
Gold:   73         SH:  0    Dex: 15    Spells: 8/9 levels left

rFire    . . .     SeeInvis .   (no weapon)
rCold    . . .     Gourm    .   (no shield)
rNeg     . . .     Faith    .   a - +0 robe
rPois    .         Spirit   .   (no helmet)
rElec    .         Reflect  .   (no cloak)
rCorr    .         Harm     .   (no gloves)
MR       .....                  (no boots)
Stlth    ++........             (no amulet)
HPRegen  0.06/turn              (no ring)
MPRegen  0.12/turn              (no ring)

@: lethally poisoned (0 -> -3)
A: no striking features
a: Renounce Religion


You were on level 2 of the Dungeon.
You worshipped Okawaru.
Okawaru was noncommittal.
You were hungry.

You visited 1 branch of the dungeon, and saw 2 of its levels.

You collected 73 gold pieces.

Inventory:

Armour
 a - a +0 robe (worn)
Jewellery
 e - an uncursed ring of fire
Scrolls
 b - a scroll of enchant weapon
 d - a scroll of random uselessness
Comestibles
 c - 6 rations


   Skills:
 + Level 0.2 Fighting
 + Level 2.7 Dodging
 + Level 2.6 Stealth
 + Level 3.5 Spellcasting
 + Level 1.4 Conjurations
 + Level 3.4 Air Magic
 * Level 2.0 Invocations


You had 8 spell levels left.
You knew the following spells:

 Your Spells              Type           Power        Failure   Level  Hunger
a - Shock                 Conj/Air       ##..         4%          1    None

Your spell library contained the following spells:

 Spells                   Type           Power        Failure   Level  Hunger
 Swiftness                Chrm/Air       ##......     10%         2    ##.....
 Static Discharge         Conj/Air       ##......     16%         3    ###....
 Airstrike                Air            ###.......   32%         4    ####...
 Lightning Bolt           Conj/Air       ##........   80%         5    ######.


Dungeon Overview and Level Annotations

Branches:
Dungeon (2/15)

Altars:
Okawaru


Message History

Unknown command.
You open the door.
Unknown command.
* * * LOW HITPOINT WARNING * * *
You feel sick.
There is an open door here.
Unknown command.
You open the door.
There is an open door here.
* * * LOW HITPOINT WARNING * * *
You feel sick.
You open the door.
Unknown command.
As you read the scroll labeled YROUSE GAQOXA, it crumbles to dust.
The scroll dissolves into smoke.
It was a scroll of fog.
Unknown command.
As you read the scroll labeled SUOSKI UHIUNIU, it crumbles to dust.
You feel blessed for a moment.
It was a scroll of remove curse.
Unknown command.
You die...

#...........#
#.#'##.####.#
#.#..#.#..#.#
#.#).'.'..#.#
#.####.##'#.#
#........§§.#
#.####§##§#.#
#. #§#§§#.#
+§@§§# #
#§#### ....
####


There were no monsters in sight!

Vanquished Creatures
  3 adders (D:2)
  A ball python (D:2)
  2 giant cockroaches
  3 hobgoblins (D:1)
  2 bats
  A frilled lizard (D:1)
  9 goblins
  2 kobolds (D:2)
  4 rats (D:1)
27 creatures vanquished.

Notes
Turn   | Place    | Note
-------+----------+-------------------------------------------
     0 | D:1      | Morbidden the Deep Elf Air Elementalist began the quest for
                  | the Orb.
     0 | D:1      | Reached XP level 1. HP: 10/10 MP: 6/6
   268 | D:1      | Found an iron altar of Okawaru.
   281 | D:1      | Became a worshipper of Warmaster Okawaru
   375 | D:1      | Reached XP level 2. HP: 13/15 MP: 1/8
   660 | D:1      | Reached skill level 1 in Invocations
  1354 | D:2      | Reached XP level 3. HP: 19/19 MP: 4/9
  1501 | D:2      | Succumbed to an adder's poison

Levels and vault maps discovered:
D:1:      dpeg_arrival_arbitrary_a, layout_loops_ring, okawaru_ov_weapons_minmay
D:2:      minmay_door_path, layout_rooms

Skill      XL: |  1  2  3 |
---------------+----------+-----
Invocations    | 1 2 |  2.0
Fighting       | |  0.2
Dodging        | |  2.7
Stealth        | |  2.6
Spellcasting   | |  3.5
Conjurations   | |  1.4
Air Magic      | |  3.4

Action                   || total
-------------------------++-------
Melee: Unarmed           ||    12
 Cast: Shock             ||    80
  Use: Scroll            ||     4
       Potion            ||     1
  Eat: Chunk             ||     1
Armor: Robe              ||     7
Dodge: Dodged            ||    27

Table legend:
 A = Non-vault XP
 B = Vault XP
 C = Vault XP percentage of total XP
 D = Non-vault monster count
 E = Vault monster count
 F = Vault count percentage of total count
                 A         B        C        D         E       F
            +---------+---------+-------+---------+---------+-------
      Total |      74 |       4 |   5.1 |      25 |       2 |   7.4
            +---------+---------+-------+---------+---------+-------
        D:1 |      29 |       0 |   0.0 |      18 |       0 |   0.0
        D:2 |      45 |       4 |   8.2 |       7 |       2 |  22.2
            +---------+---------+-------+---------+---------+-------
